 Dungeon Crawl Stone Soup version 0.31.0-9-g3a7656b989 (webtiles) character file.

Game seed: 7478082179207151346

18178 Doomgape the Carver (level 12, -4/106 HPs)
             Began as a Minotaur Fighter on Jan 29, 2024.
             Was an Elder of Okawaru.
             Constricted to death by Jorgrun (5 damage)
             ... on level 13 of the Dungeon.
             The game lasted 00:47:55 (12427 turns).

Doomgape the Carver (Minotaur Fighter)             Turns: 12427, Time: 00:47:55

Health: -4/106     AC: 25    Str: 26    XL:     12   Next: 25%
Magic:  16/16      EV:  8    Int:  5    God:    Okawaru [****..]
Gold:   581        SH:  7    Dex: 10    Spells: 11/11 levels left

rFire   . . .        y - +3 long sword (freeze)
rCold   . . .        c - +0 buckler
rNeg    . . .        H - +0 plate armour
rPois   +            (helmet restricted)
rElec   .            g - +2 cloak
rCorr   .            (no gloves)
SInv    .            e - +1 pair of boots
Will    .....        (no amulet) Stlth
                     (no ring)
HPRegen 0.37/turn    (no ring)
MPRegen 0.15/turn

%: no passive effects
@: heroic, grasped by roots, constricted
A: horns 2, retaliatory headbutt, iridescent scales 1, poison resistance,
devolution 1
a: Renounce Religion, Heroism, Finesse


You were on level 13 of the Dungeon.
You worshipped Okawaru.
Okawaru was greatly pleased with you.
You visited 2 branches of the dungeon, and saw 14 of its levels.

You collected 718 gold pieces.
You spent 137 gold pieces at shops.

Inventory:

Hand Weapons
 r - a +2 long sword of venom
 w - a +2 spear of freezing
 y - a +3 long sword of freezing (weapon)
 z - a +2 scimitar
 B - a +3 battleaxe
 F - a +0 spectral quarterstaff
Missiles
 d - 2 silver javelins (quivered)
 s - 12 javelins
Armour
 c - a +0 buckler (worn)
 e - a +1 pair of boots (worn)
 g - a +2 cloak (worn)
 H - a +0 plate armour (worn)
Magical Staves
 n - a staff of air
Jewellery
 q - an amulet of reflection
 E - an amulet of the acrobat
 J - a ring of flight
Talismans
 t - a flux talisman
Wands
 k - a wand of flame (22)
 p - a wand of paralysis (1)
 u - a wand of polymorph (2)
Scrolls
 a - a scroll of enchant armour
 h - 2 scrolls of enchant weapon
 j - 2 scrolls of fog
 l - 4 scrolls of poison
 m - 2 scrolls of teleportation
 o - 10 scrolls of identify
 v - 2 scrolls of vulnerability
 C - a scroll of revelation
 G - a scroll of amnesia
Potions
 b - a potion of attraction
 f - a potion of cancellation
 i - 2 potions of haste {unknown}
 I - a potion of invisibility {unknown}


   Skills:
 - Level 10.0(15.0) Fighting
 - Level 12.1(17.1) Long Blades
 + Level 2.3(7.3) Throwing
 - Level 10.5(15.5) Armour
 - Level 7.2(12.2) Dodging
 - Level 10.5(15.5) Shields
 + Level 7.3 Invocations
 + Level 3.5 Evocations


You had 11 spell levels left.
You didn't know any spells.
Your spell library contained the following spells:

 Spells                   Type           Power      Damage    Failure   Level
 Ensorcelled Hibernation  Hex/Ice        0%         N/A       99%         2
 Lesser Beckoning         Tloc           0%         N/A       99%         2
 Dazzling Flash           Conj/Hex       0%         N/A       100%        3
 Gell's Gravitas          Tloc           0%         N/A       100%        3
 Passwall                 Erth           0%         N/A       100%        3
 Swiftness                Air            0%         N/A       100%        3
 Teleport Other           Tloc           0%         N/A       100%        3
 Volatile Blastmotes      Fire/Tloc      0%         2d10      100%        3
 Passage of Golubria      Tloc           0%         N/A       100%        4
 Yara's Violent Unravell  Hex/Alch       0%         3d3       100%        5
 Starburst                Conj/Fire      0%         6d3       100%        6
 Maxwell's Capacitive Co  Air            0%         ∞         100%        8
 Tukima's Dance           Hex            Unusable   N/A       N/A         3

Dungeon Overview and Level Annotations

Branches:
Dungeon (13/15)            Temple (1/1) D:6            Lair (0/5) D:9
    Orc (0/2) D:11
 Vaults: D:13-14

Altars:
Ashenzari
Cheibriados
Dithmenos
Elyvilon
Fedhas
Gozag
Hepliaklqana
Kikubaaqudgha
Makhleb
Nemelex Xobeh
Okawaru
Qazlal
Ru
Sif Muna
Uskayaw
Vehumet
Wu Jian
Xom
Yredelemnul
Zin
The Shining One

Shops:
D:3 [   D:8 *

Portals:
Trove: D:12 (give 11 potions of heal wounds)

Annotations:
D:9 3 runed translucent doors, ripuliukko's ghost, novice GrEE
D:13 Jorgrun


Innate Abilities, Weirdness & Mutations

You have a pair of horns on your head.
You reflexively headbutt those who attack you in melee.
You are partially covered in iridescent scales. (AC +2)
Your system is resistant to poisons. (rPois)
You have hidden genetic defects.


Message History

Aiming: Paralyse
Press: ? - help, Shift-Dir - straight line, f - Jorgrun, p - orc wizard
Aim: Jorgrun, wielding a staff of earth and wearing a +2 robe (chance to affect: 0%) Jorgrun resists with almost no effort.
Aiming: Paralyse
Press: ? - help, Shift-Dir - straight line, f/p - Jorgrun
Aim: Jorgrun, wielding a staff of earth and wearing a +2 robe (chance to affect: 0%) Jorgrun resists with almost no effort.
Aiming: Paralyse
Press: ? - help, Shift-Dir - straight line, f/p - Jorgrun
Aim: Jorgrun, wielding a staff of earth and wearing a +2 robe (chance to affect: 0%) Jorgrun resists with almost no effort.
Jorgrun closely misses you.
Unknown command.
Aiming: Paralyse
Press: ? - help, Shift-Dir - straight line, f/p - Jorgrun
Aim: Jorgrun, wielding a staff of earth and wearing a +2 robe (chance to affect: 0%) Jorgrun resists with almost no effort.
The orc wizard is no longer paralysed.
Jorgrun hits you but does no damage. The ground beneath you fractures!
* * * LOW HITPOINT WARNING * * *
Okay, then.
As you read the scroll of fear, it crumbles to dust.
You assume a fearsome visage.
Jorgrun resists with some effort.
The orc wizard looks frightened!
The orc looks frightened!
The orc wizard mumbles some strange words.
The orc wizard flickers and vanishes!
Deactivating autopickup; reactivate with Ctrl-A.
Jorgrun points at you and mumbles some strange words.
Roots burst forth from the earth!
The grasping roots grab you! The grasping roots constrict you.
Blink to where?
Press: ? - help, Dir - move target, p - Jorgrun The roots grasp on you weakens, but your attempt to escape fails.
As you read the scroll of blinking, it crumbles to dust.
Jorgrun hits you with a staff of earth.
* * * LOW HITPOINT WARNING * * *
The ground beneath you fractures!
* * * LOW HITPOINT WARNING * * *
The grasping roots constrict you.
You die...

#...#####)..
#...# #.....
#...# #.#...
#...# #.#... #
#...# # ###.
#.###########....
.....
#...............
#.###.
###............
...
........@.......
##..
####....g)......
#.# #............
#.# #............
#.# #............
#.. #............
#.. #............
#.. ....#......oo
#.# #..


You could see Jorgrun and 2 orcs.

Vanquished Creatures
  Frances (D:13)
  A hydra (D:13)
  4 two-headed ogres
  A skyshark (D:12)
  An ugly thing (D:13)
  2 manticores (D:11)
  Maurice (D:9)
  Joseph (D:9)
  A cyclops (D:11)
  2 gargoyles
  A kobold demonologist (D:9)
  2 trolls
  Grinder (D:4)
  7 slime creatures
  2 shadows
  A vampire (D:11)
  A wyvern (D:9)
  19 yaks
  2 basilisks
  3 vampire mosquitoes (D:10)
  A steam dragon (D:6)
  3 acid dragons (D:11)
  3 water moccasins (D:7)
  2 ice beasts
  An orc warrior (D:10)
  5 black bears
  4 centaurs
  2 kobold brigands
  2 phantoms
  A gnoll sergeant (D:9)
  17 wights
  5 killer bees (D:8)
  A vampire bat (D:10)
  5 electric eels (D:10)
  5 howler monkeys
  3 hounds
  2 jellies
  6 orc priests
  3 bombardier beetles
  Natasha (thrice) (D:4)
  8 orc wizards
  6 gnolls
  3 adders
  A shadow imp (D:6)
  2 white imps
  2 dart slugs
  45 orcs
  5 endoplasms
  6 giant cockroaches
  4 hobgoblins
  6 jackals
  12 kobolds
  4 quokkas
  7 ball pythons
  15 bats
  4 frilled lizards
  A goblin (D:1)
  A rat (D:1)
260 creatures vanquished.

Vanquished Creatures (others)
  An adder (D:6)
1 creature vanquished.

Grand Total: 261 creatures vanquished

Notes
Turn   | Place    | Note
-------+----------+-------------------------------------------
     0 | D:1      | Doomgape the Minotaur Fighter began the quest for the Orb.
     0 | D:1      | Reached XP level 1. HP: 19/19 MP: 0/0
   147 | D:1      | Reached skill level 3 in Long Blades
   147 | D:1      | Reached XP level 2. HP: 27/27 MP: 1/1
   346 | D:1      | Reached XP level 3. HP: 34/34 MP: 2/2
   413 | D:1      | You fall into a shaft and drop 1 floor!
   563 | D:2      | Found a shimmering blue altar of Sif Muna.
  1066 | D:3      | Found Citerat's Antique Armour Emporium.
  1485 | D:3      | Reached skill level 4 in Long Blades
  1603 | D:4      | Reached XP level 4. HP: 34/41 MP: 3/3
  1607 | D:4      | Reached skill level 5 in Fighting
  1787 | D:4      | Noticed Natasha
  1790 | D:4      | Killed Natasha
  1791 | D:4      | Reached XP level 5. HP: 42/49 MP: 4/4
  1888 | D:4      | Noticed a black bear
  1897 | D:4      | Killed a black bear
  1898 | D:4      | Reached skill level 5 in Long Blades
  2054 | D:4      | Reached XP level 6. HP: 54/58 MP: 5/5
  2153 | D:4      | Reached skill level 6 in Long Blades
  2279 | D:4      | Noticed Natasha
  2290 | D:4      | Killed Natasha
  2462 | D:4      | Noticed Natasha
  2466 | D:4      | Killed Natasha
  2558 | D:4      | Noticed Grinder
  2591 | D:4      | Paralysed by Grinder for 4 turns
  2596 | D:4      | Killed Grinder
  2597 | D:4      | Reached skill level 7 in Long Blades
  2597 | D:4      | Reached XP level 7. HP: 26/66 MP: 6/6
  2815 | D:5      | Entered Level 5 of the Dungeon
  3333 | D:5      | Reached skill level 8 in Long Blades
  3339 | D:5      | Reached XP level 8. HP: 51/75 MP: 7/7
  3867 | D:6      | Found a staircase to the Ecumenical Temple.
  3876 | Temple   | Entered the Ecumenical Temple
  3896 | Temple   | Became a worshipper of Warmaster Okawaru
  3945 | D:6      | Reached skill level 9 in Long Blades
  4340 | D:6      | Reached skill level 10 in Fighting
  4351 | D:6      | Found a white marble altar of Elyvilon.
  4419 | D:6      | Reached * piety under Okawaru
  4864 | D:7      | Reached skill level 1 in Dodging
  5312 | D:7      | Reached skill level 10 in Long Blades
  5312 | D:7      | Reached XP level 9. HP: 85/85 MP: 8/8
  5422 | D:7      | Found a glowing golden altar of the Shining One.
  5565 | D:8      | Reached skill level 5 in Shields
  5570 | D:8      | Reached skill level 5 in Armour
  5570 | D:8      | Reached ** piety under Okawaru
  5947 | D:8      | Found an ancient bone altar of Kikubaaqudgha.
  5950 | D:8      | Found a radiant altar of Vehumet.
  5957 | D:8      | Found a shimmering blue altar of Sif Muna.
  5960 | D:8      | Found a burning altar of Makhleb.
  5962 | D:8      | Found a snail-covered altar of Cheibriados.
  5967 | D:8      | Found an opulent altar of Gozag.
  6043 | D:8      | Gained mutation: You passively dampen the noise of your
                  | surroundings. [potion of mutation]
  6043 | D:8      | Gained mutation: You are partially covered in iridescent
                  | scales. (AC +2) [potion of mutation]
  6381 | D:8      | Found Enuill Qony's General Store.
  6390 | D:8      | Bought a potion of curing for 33 gold pieces
  6390 | D:8      | Bought a scroll of brand weapon for 104 gold pieces
  6753 | D:9      | Found a runed translucent gate.
  6754 | D:9      | Found a runed translucent gate.
  6754 | D:9      | Noticed a freezing wraith
  6755 | D:9      | Found a runed translucent gate.
  6765 | D:9      | Noticed a freezing wraith
  6777 | D:9      | Noticed ripuliukko's ghost (novice GrEE)
  6884 | D:9      | Found a staircase to the Lair.
  6884 | D:9      | Noticed a two-headed ogre
  6899 | D:9      | Reached skill level 11 in Long Blades
  6909 | D:9      | Reached *** piety under Okawaru
  7087 | D:9      | Killed a two-headed ogre
  7088 | D:9      | Reached skill level 5 in Dodging
  7088 | D:9      | Reached XP level 10. HP: 34/93 MP: 6/9
  7647 | D:9      | Noticed Joseph
  7669 | D:9      | Killed Joseph
  7670 | D:9      | Reached skill level 1 in Invocations
  7763 | D:9      | Noticed Maurice
  7766 | D:9      | Found a broken altar of Ashenzari.
  7770 | D:9      | Something stole an amulet of reflection
  7771 | D:9      | Something stole a +2 scimitar
  7772 | D:9      | Something stole 9 javelins
  7779 | D:9      | Something stole a +0 buckler
  7783 | D:9      | Something stole 68 gold
  7784 | D:9      | Something stole 183 gold
  7785 | D:9      | Something stole 98 gold
  8092 | D:9      | Killed Maurice
  8092 | D:9      | Reached **** piety under Okawaru
  8215 | D:9      | Noticed a smoke demon
  8483 | D:10     | Entered Level 10 of the Dungeon
  8937 | D:10     | Reached XP level 11. HP: 80/99 MP: 12/12
  9833 | D:10     | Lost mutation: You passively dampen the noise of your
                  | surroundings. [potion of mutation]
  9833 | D:10     | Lost mutation: You are partially covered in iridescent
                  | scales. (AC +2) [potion of mutation]
  9833 | D:10     | Gained mutation: Your health recovers twice as slowly from
                  | being drained. [potion of mutation]
  9833 | D:10     | Gained mutation: You are partially covered in iridescent
                  | scales. (AC +2) [potion of mutation]
 10013 | D:11     | Noticed a two-headed ogre
 10025 | D:11     | Killed a two-headed ogre
 10043 | D:11     | Noticed a two-headed ogre
 10065 | D:11     | Killed a two-headed ogre
 10074 | D:11     | Reached ***** piety under Okawaru
 10075 | D:11     | Reached skill level 5 in Invocations
 10356 | D:11     | Reached skill level 10 in Armour
 10359 | D:11     | Reached skill level 10 in Shields
 10635 | D:11     | Found a staircase to the Orcish Mines.
 11242 | D:12     | Reached skill level 1 in Evocations
 11310 | D:12     | a slime creature changed into a skyshark
 11310 | D:12     | Noticed a skyshark
 11328 | D:12     | Killed a skyshark
 11659 | D:12     | Found a portal to a secret trove of treasure.
 11910 | D:13     | Noticed Frances
 11923 | D:13     | Noticed a sun demon
 11934 | D:13     | Killed Frances
 11934 | D:13     | Received a gift from Okawaru
 11935 | D:13     | Reached skill level 12 in Long Blades
 11935 | D:13     | Reached XP level 12. HP: 55/106 MP: 8/16
 12074 | D:13     | Noticed a six-headed hydra
 12091 | D:13     | Killed a 14-headed hydra
 12092 | D:13     | Reached skill level 1 in Throwing
 12175 | D:13     | Noticed a two-headed ogre
 12187 | D:13     | Killed a two-headed ogre
 12326 | D:13     | Identified the +0 spear "Niov Piut" {antimagic, *Rage rC++
                  | rN+++ Dex-5}
 12412 | D:13     | Lost mutation: Your health recovers twice as slowly from
                  | being drained. [potion of mutation]
 12412 | D:13     | Lost mutation: You are partially covered in iridescent
                  | scales. (AC +2) [potion of mutation]
 12412 | D:13     | Gained mutation: Your system is resistant to poisons.
                  | (rPois) [potion of mutation]
 12412 | D:13     | Gained mutation: You are partially covered in iridescent
                  | scales. (AC +2) [potion of mutation]
 12412 | D:13     | Gained mutation: You have hidden genetic defects. [potion
                  | of mutation]
 12416 | D:13     | Noticed Jorgrun
 12427 | D:13     | HP: 1/106 [Jorgrun/staff of earth (13)]
 12427 | D:13     | Constricted to death by Jorgrun

Illustrated notes

Levels and vault maps discovered:
D:1:      lightli_arrival_noodles, layout_rooms, grunt_decor_fettered,
          minmay_bisected
D:2:      layout_rooms, basic_altar
D:3:      layout_loops_ring, serial_shops, shop, amcnicky_mini_pool_small
D:4:      nicolae_cairo_tiling_large, layout_loops_ring, uniq_grinder,
          uniq_natasha
D:5:      layout_loops_ring, chequers_serial_rivers_micro_e
D:6:      layout_gridville, elyvilon_altar_5, minmay_temple_entry_junction_2,
          nicolae_kite_square_tiling_tiny
D:7:      layout_loops_ring, mainiacjoe_overflow_alcove_2
D:8:      layout_basic, nicolae_overflow_hallway_of_the_gods, serial_shops,
          shop, roderic_lattice_a
D:9:      layout_roguey, mainiacjoe_overflow_catwalk, david_lair_generic,
          gammafunk_ghost_spectres, serial_corexii_hall, corexii_hall_statues_t,
          corexii_hall_statues_t, corexii_hall_statues_l,
          corexii_hall_statues_x, uniq_joseph, uniq_maurice
D:10:     layout_basic, mainiacjoe_overflow_24_doors, roderic_batcave,
          lemuel_flamethrower_2
D:11:     layout_rooms, orc_0_dummy, minmay_misc_feat_pillars
D:12:     layout_loops_corners, nicolae_trove_entry_columns
D:13:     layout_basic, hellmonk_vaults_keyhole, lemuel_flamethrower_hall,
          uniq_jorgrun, uniq_frances
Temple:   minmay_temple_bridge_abc

Skill      XL: |  1  2  3  4  5  6  7  8  9 10 11 12 |
---------------+-------------------------------------+-----
Fighting       | 4 5 6 7 8 10 | 10.0
Long Blades    | 3 4 5 7 8 10 11 12 | 12.1
Armour         | 4 6 8 10 | 10.5
Dodging        | 2 5 7 |  7.2
Shields        | 4 6 8 10 | 10.5
Invocations    | 3 6 7 |  7.3
Evocations     | 2 3 |  3.5
Throwing       | 2 |  2.3

Action                     |  1- 3 |  4- 6 |  7- 9 | 10-12 || total
---------------------------+-------+-------+-------+-------++-------
  Melee: Long sword        |   107 |    80 |   241 |   433 ||   861
         Headbutt          |    19 |     8 |    57 |   109 ||   193
         Scimitar          |       |       |       |    21 ||    21
         Quarterstaff      |       |       |       |    15 ||    15
 Invoke: Heroism           |       |       |     2 |    17 ||    19
         Finesse           |       |       |       |     2 ||     2
  Evoke: Wand              |     1 |    25 |    22 |    32 ||    80
    Use: Potion            |     2 |     1 |     4 |    10 ||    17
         Scroll            |     3 |       |    11 |     7 ||    21
   Stab: Paralysed         |       |       |       |    11 ||    11
 Armour: Scale mail        |    82 |    67 |    68 |       ||   217
         Chain mail        |       |       |   111 |   128 ||   239
         Plate armour      |       |       |       |   230 ||   230
         Skin              |       |       |       |     1 ||     1
  Dodge: Dodged            |    50 |    34 |    96 |   152 ||   332
  Block: Buckler           |    33 |    15 |    51 |   114 ||   213
         Reflection        |       |       |       |     1 ||     1
